Workbook
Name _Hlk68675965: 'Form 3A - As-built'!#REF!
Name Logo: INDEX(Tables!$F$40:$F$46,MATCH(Tables!$F$14,Tables!$E$40:$E$46,0))
Name Material: Tables!$D$2:$D$10
Name Shape: Tables!$F$2:$F$11

Sheet Tables
A1: Workbook Lock Configuration | D1: Material | F1: Shape | H1: Type | J1: Design Response | K1: 1 | L1: Lookup Table | M1: Baldwin County | N1: Hoover | O1: Jefferson | P1: Lee County | Q1: Mobile | R1: Montgomery | S1: Prattville
A2: Lock Date: | B2: =EDATE(F$13,B3) -> 46661 | D2: Concrete | F2: Arch | H2: Select: | J2: Pre Total not completed | K2: =K1+1 -> 2 | L2: (WQ) | M2: 1 | N2: 1.1 | O2: 1.1 | P2: 1.1 | Q2: 1.2 | R2: 1.1 | S2: 1.1
A3: Active Months: | B3: 13 | D3: Earthen | F3: Elliptical | H3: Orifice: | J3: Post Total not completed | K3: =K2+1 -> 3 | L3: (2-yr) | M3: 6.02 | N3: 4.11 | O3: 4.14 | P3: 4.12 | Q3: 5.7 | R3: 4.24 | S3: 4.21
A4: Override LockD and Time: | D4: Geotextile | F4: Rectangle | H4: Weir: | J4: Emergency Spillway Section not completed | K4: =K3+1 -> 4 | L4: (5-yr) | M4: 7.68 | N4: 5.01 | O4: 5.06 | P4: 5.05 | Q4: 7.21 | R4: 5.3 | S4: 5.24
A5: Admin Unlock Code: | B5: bds958hc | D5: HDPE | F5: Round | H5: None: | J5: Total Post Q > Pre Q | K5: =K4+1 -> 5 | L5: (10-yr) | M5: 9.26 | N5: 5.87 | O5: 5.91 | P5: 5.83 | Q5: 8.63 | R5: 6.24 | S5: 6.17
A6: Computed Lock Date and Time: | B6: =IF(ISBLANK($B$4),$B$2,$B$4) -> 46661 | D6: HDPP | F6: Square | J6: ="Emergency Spillway Velocity > "&F26&" ft/s" -> Emergency Spillway Velocity > 6 ft/s | K6: =K5+1 -> 6 | L6: (25-yr) | M6: 11.7 | N6: 7.21 | O6: 7.26 | P6: 6.91 | Q6: 10.8 | R6: 7.64 | S6: 7.55
A7: Accepted Flag: | B7: =IF(License!$F$2="I ACCEPT",TRUE,FALSE) -> FALSE | D7: Metal | F7: Trapezoid | J7: Max Stage for 2, 5, 10, 25 and/or 50-year storm > emergency spillway crest elevation | K7: =K6+1 -> 7 | L7: (50-yr) | M7: 13.9 | N7: 8.37 | O7: 8.48 | P7: 7.75 | Q7: 12.7 | R7: 8.8 | S7: 8.7
A8: Gate OK: | B8: =OR(License!$F$4=B5, AND(B7=TRUE, NOW()<B6)) -> FALSE | D8: Other | F8: T-shape | H8: Outlet Protection | J8: Latitude and/or Longitude not provided | K8: =K7+1 -> 8 | L8: (100-yr) | M8: 16.3 | N8: 9.65 | O8: 9.83 | P8: 8.6 | Q8: 14.8 | R8: 10 | S8: 9.93
D9: PVC | F9: V-notch | H9: Riprap apron | J9: WQv Required > WQv Provided | K9: =K8+1 -> 9 | L9: Effective Date: | M9: 40574 | N9: 1 February 2020 | O9: 1 October 2020 | Q9: 1 October 2015 | R9: 1 October 2015 | S9: 1 July 2018
D10: Riprap | F10: Other | H10: Concrete flume with baffles | J10: As-Built does not match Design, provide a reason in the Comments section | K10: =K9+1 -> 10 | L10: Type: | M10: County | N10: City | O10: County | P10: County | Q10: City | R10: City | S10: City
B11: Acceptance Table | H11: Concrete box with chambers | J11: Freeboard < 1.0 ft | K11: =K10+1 -> 11 | L11: Maintenance Agreement: | M11: O&M Plan | N11: Covenant | O11: O&M Agreement | Q11: O&M Agreement | R11: O&M Agreement | S11: O&M Agreement
B12: Selection Required | H12: Concrete box with baffles | J12: Total Post Q is < 0.50 ft3/s of Pre Q | K12: =K11+1 -> 12 | L12: Permit Type: | Q12: Engineering or Building No. | R12: ENG No.
B13: I ACCEPT | D13: Version Date: | F13: 46266 | H13: Pre-manufactured product | J13: =F25&" has not been provided" -> 0 has not been provided | K13: =K12+1 -> 13 | L13: Max Velocity: | M13: 6 | N13: 5 | O13: 5 | P13: 6 | Q13: 6 | R13: 6 | S13: 6
B14: I DO NOT ACCEPT | D14: Select City: | F14: Baldwin County | H14: Other | J14: ="Known flooding: "&'Form 2A.1 - Design'!AS123&"-yr discharge > "&'Form 2A.1 - Design'!AR123&"-yr discharge" -> Known flooding: 2, 5, 10, 25, 50, and 100-yr discharge > 2, 5, 10, 25, 50, and 100-yr discharge | K14: =K13+1 -> 14 | L14: Insp Report Due: | M14: 31 December | N14: 31 December | Q14: 31 December | R14: 30 Septbember | S14: 1 September
D15: (WQ) | F15: =HLOOKUP($F$14,$M$1:$S$23,2) -> 1 | G15: =TEXT(F15,"0.00") -> 1.00 | J15: Latitude and/or Longitude has been entered as text. Change to a number. | K15: =K14+1 -> 15 | L15: Storms: | M15: 2, 5, 10, 25, 50, and 100 | N15: 2, 5, 10, 25, 50, and 100 | O15: 2, 5, 10, 25, 50, and 100 | P15: 2, 5, 10, 25, 50, and 100 | Q15: 2, 5, 10, 25, 50, and 100 | R15: 2, 5, 10, 25, 50, and 100 | S15: 2, 5, 10, 25, 50, and 100
D16: (2-yr) | F16: =HLOOKUP($F$14,$M$1:$S$23,3) -> 6.02 | J16: ="Drains to adjacent property: "&'Form 2A.1 - Design'!AS123&"-yr discharge > "&'Form 2A.1 - Design'!AR123&"-yr discharge" -> Drains to adjacent property: 2, 5, 10, 25, 50, and 100-yr discharge > 2, 5, 10, 25, 50, and 100-yr discharge | K16: =K15+1 -> 16 | L16: No. Storms: | M16: 6 | N16: 6 | O16: 6 | P16: 6 | Q16: 5 | R16: 6 | S16: 6
D17: (5-yr) | F17: =HLOOKUP($F$14,$M$1:$S$23,4) -> 7.68 | H17: Riprap Class | J17: All required photographs are not provided | K17: =K16+1 -> 17 | L17: Known Flooding Req: | M17: No | N17: No | O17: No | P17: No | Q17: No | R17: No | S17: No
D18: (10-yr) | F18: =HLOOKUP($F$14,$M$1:$S$23,5) -> 9.26 | H18: 1 | J18: ="Outlet Control Structure Velocity > "&F26&" ft/s" -> Outlet Control Structure Velocity > 6 ft/s | K18: =K17+1 -> 18 | L18: Known Flooding Storm: | M18: 25 | N18: 25 | O18: 25 | P18: 25 | Q18: 2 | R18: 25 | S18: 25
D19: (25-yr) | F19: =HLOOKUP($F$14,$M$1:$S$23,6) -> 11.7 | H19: 2 | J19: Parcel No. has not been provided | K19: =K18+1 -> 19 | L19: Known Flooding Storm <: | M19: =VLOOKUP(M18,$K$27:$L$32,2) -> 25, 50, and 100 | N19: =VLOOKUP(N18,$K$27:$L$32,2) -> 25, 50, and 100 | O19: =VLOOKUP(O18,$K$27:$L$32,2) -> 25, 50, and 100 | P19: =VLOOKUP(P18,$K$27:$L$32,2) -> 25, 50, and 100 | Q19: =VLOOKUP(Q18,$K$27:$L$32,2) -> 2, 5, 10, 25, 50, and 100 | R19: =VLOOKUP(R18,$K$27:$L$32,2) -> 25, 50, and 100 | S19: =VLOOKUP(S18,$K$27:$L$32,2) -> 25, 50, and 100
D20: (50-yr) | F20: =HLOOKUP($F$14,$M$1:$S$23,7) -> 13.9 | H20: 3 | J20: Outlet protection section not completed | K20: =K19+1 -> 20 | L20: Adj Property Req: | M20: No | N20: No | O20: No | P20: No | Q20: Yes | R20: Yes | S20: Yes
D21: (100-yr) | F21: =HLOOKUP($F$14,$M$1:$S$23,8) -> 16.3 | H21: 4 | J21: ="Detention pond bottom slope < "&'Form 2A.1 - Design'!AQ101&".00%" -> Detention pond bottom slope < 1.00% | K21: =K20+1 -> 21 | L21: Adj Property Storm: | M21: 25 | N21: 25 | O21: 25 | P21: 25 | Q21: 2 | R21: 25 | S21: 25
D22: Effective Date: | F22: =HLOOKUP($F$14,$M$1:$S$23,9) -> 40574 | H22: 5 | K22: =K21+1 -> 22 | L22: Adj Property Storm<: | M22: =VLOOKUP(M21,$K$27:$L$32,2) -> 25, 50, and 100 | N22: =VLOOKUP(N21,$K$27:$L$32,2) -> 25, 50, and 100 | O22: =VLOOKUP(O21,$K$27:$L$32,2) -> 25, 50, and 100 | P22: =VLOOKUP(P21,$K$27:$L$32,2) -> 25, 50, and 100 | Q22: =VLOOKUP(Q21,$K$27:$L$32,2) -> 2, 5, 10, 25, 50, and 100 | R22: =VLOOKUP(R21,$K$27:$L$32,2) -> 25, 50, and 100 | S22: =VLOOKUP(S21,$K$27:$L$32,2) -> 25, 50, and 100
D23: Entity Type: | F23: =HLOOKUP($F$14,$M$1:$S$23,10) -> County | J23: ="For Class "&'Form 2A.1 - Design'!$AR$80&" Riprap, the minimum depth is "&'Form 2A.1 - Design'!$AS$80&"0-feet" -> #N/A | K23: =K22+1 -> 23 | L23: Agreement Type: | M23: Drainage Rights | N23: Release Agreement | O23: Release Agreement | P23: Release Agreement | Q23: Release Agreement | R23: Spillage Agreement | S23: Release Agreement
D24: Maintenance Agreement: | F24: =HLOOKUP($F$14,$M$1:$S$23,11) -> O&M Plan | K24: 24 | L24: Slope: | M24: 1 | N24: 2 | O24: 2 | P24: 2 | Q24: 2 | R24: 2 | S24: 2
D25: Permit Type: | F25: =HLOOKUP($F$14,$M$1:$S$23,12) -> 0 | K25: 25 | L25: Entity: | M25: Baldwin County | N25: the City of Hoover | O25: Jefferson County | P25: Lee County | Q25: the City of Mobile | R25: the City of Montgomery | S25: the City of Prattville
D26: Max Velocity: | F26: =HLOOKUP($F$14,$M$1:$S$23,13) -> 6 | K26: Known or Adj Storm | L26: Requirements
D27: Inspe Report Due: | F27: =HLOOKUP($F$14,$M$1:$S$23,14) -> 31 December | K27: 2 | L27: 2, 5, 10, 25, 50, and 100
D28: Storms: | E28: =HLOOKUP($F$14,$M$1:$S$23,16) -> 6 | F28: =HLOOKUP($F$14,$M$1:$S$23,15) -> 2, 5, 10, 25, 50, and 100 | K28: 5 | L28: 5, 10, 25, 50, and 100
D29: Known Flooding Req: | F29: =HLOOKUP($F$14,$M$1:$S$23,17) -> No | K29: 10 | L29: 10, 25, 50, and 100
D30: Known Flooding Storm: | F30: =HLOOKUP($F$14,$M$1:$S$23,18) -> 25 | K30: 25 | L30: 25, 50, and 100
D31: Known Flooding Storm <: | F31: =HLOOKUP($F$14,$M$1:$S$23,19) -> 25, 50, and 100 | K31: 50 | L31: 50 and 100
D32: Adj Property Req: | F32: =HLOOKUP($F$14,$M$1:$S$23,20) -> No | K32: 100 | L32: 100
D33: Adj Property Storm: | F33: =HLOOKUP($F$14,$M$1:$S$23,21) -> 25
D34: Adj Property Storm<: | F34: =HLOOKUP($F$14,$M$1:$S$23,22) -> 25, 50, and 100 | L34: Question
D35: Known or Adj Design Storm: | F35: =MIN(F30,F33) -> 25 | L35: Yes
D36: Known or Adj Design Storm<: | F36: =VLOOKUP(F35,$K$27:$L$32,2) -> 25, 50, and 100 | L36: No
D37: Agreement Type: | F37: =HLOOKUP($F$14,$M$1:$S$23,23) -> Drainage Rights
D38: Slope: | F38: =HLOOKUP($F$14,$M$1:$S$24,24) -> 1
D39: Entity: | F39: =HLOOKUP($F$14,$M$1:$S$25,25) -> Baldwin County | J39: Current Logo
E40: Baldwin County
E41: Hoover
E42: Jefferson
E43: Lee County | F43: #VALUE!
E44: Mobile
E45: Montgomery
E46: Prattville

Sheet License
C1: END USER LICENSE AGREEMENT (EULA) | N1: Effective Date: | O1: =Tables!F13 -> 46266
A2: =IF(OR(F2="I ACCEPT",F2="I DO NOT ACCEPT"),1,2) -> 2 | E2: Acceptance (required): | F2: Selection Required | N2: Expiration Date: | O2: =Tables!B6 -> 46661
A3: =IF(F3="Workbook is Locked and Unavailable",2,1) -> 2 | E3: Current Status: | F3: =IF(Tables!$B$8,"Workbook is Active","Workbook is Locked and Unavailable") -> Workbook is Locked and Unavailable
E4: Administrator Code (Hidden):
E6: IMPORTANT - READ BEFORE USE: | F6: This workbook and its embedded logic, validators, and scripts (collectively, the "Tool") are proprietary to Hydro, LLC ("Licensor").
F7: ="By clicking I ACCEPT, you represent that you are (a) preparing a post-construction submittal for "&Tables!$F$39&" and/or" -> By clicking I ACCEPT, you represent that you are (a) preparing a post-construction submittal for Baldwin County and/or
F8: maintaining internal records for that submittal; and (b) you have authority to bind your organization ("User"). If you are not
F9: authorized, do not use the Tool.
D11: 1 | E11: Limited License
F12: Licensor grants the User a non-exclusive, non-transferable, non-sublicensable, revocable license to use the Tool soley to prepare
F13: ="and submit post-construction application materials to "&Tables!$F$39&" and for the User's internal recordkeeping for those" -> and submit post-construction application materials to Baldwin County and for the User's internal recordkeeping for those
F14: submissions. All other uses, including redistribution, public posting, training, or use for other agencies, are prohibited unless
F15: agreed in writing.
D16: 2 | E16: Ownership; No Work-for-Hire
F17: The Tool is licensed, not sold. Licensor retains all right, title, and interest in and to the Tool, including all formulas, code,
F18: templates, and documentation. The Tool is not a work made for hire and no implied licenses are granted.
D19: 3 | E19: Restrictions
F20: The User shall not and shall not permit others to: (a) copy, modify, decompile, or reverse-engineer the Tool; (b) remove proprietary
F21: notices, logos, or watermarks; (c) bypass or disable protections; or (d) redistribute the Tool to third parties (other than submitting filled
F22: ="forms to the "&Tables!$F$23&" as intended. The "&Tables!$F$23&" may host and distribute the unmodified Tool to prospective submitters for" -> forms to the County as intended. The County may host and distribute the unmodified Tool to prospective submitters for
F23: the permitted purpose.
D24: 4 | E24: Suspension and Termination
F25: Licensor may suspend immediately if the Tool is misused, compromised, or used in a manner creating security, legal, or reputational risk.
F26: Upon expiration/termination, User shall stop using the Tool, but may retain archive copies of completed submissions an records
F27: created during the Term.
D28: 5 | E28: Public Records Acknowledgment
F29: ="Outputs and application materials generated with the Tool may be public records of "&Tables!$F$39&"; the Tool itself" -> Outputs and application materials generated with the Tool may be public records of Baldwin County; the Tool itself
F30: (including templates, code, logic) remains Licensor's proprietary material and is not a public record merely by being used to creat submittions.
D31: 6 | E31: No Professional Services; User Responsibility
F32: ="The Tool is a convenience aid and does not constitute engineering, legal or compliance advice. The "&Tables!$F$39&"'s standards and" -> The Tool is a convenience aid and does not constitute engineering, legal or compliance advice. The Baldwin County's standards and
F33: regulations control. User is solely responsible for the accuracy and completeness of all data and deliverables.
D34: 7 | E34: Disclaimers; Limitation of Liability
F35: The Tool is provided "AS IS". Licensor disclaims all warranties, express or implied (including merchantability, fitness for a particular
F36: purpose, and non-infringement.) To the Maximum extent permitted by law, Licensor will not be liable for indirect, incidental,
F37: special, consequential, or punitive damages.
D38: 8 | E38: Injunctive Relief
F39: Unathorized use, copying, or distribution of the Tool will cause irreparable harm for which monetary damages are inadequate;
F40: Licensor may seek injunctive relief in addition to other remedies.
D41: 9 | E41: Feedback
F42: Suggestions or feedback may be used by Licensor without restriction or obligation.
D43: 10 | E43: Governing Law
F44: This License is governed by the laws of Alabama, without regard to conflicts principles. The exclusive venue is the state or federal
F45: courts located in Lee County, Alabama.
D46: 11 | E46: General
F47: This is the entire agreement regarding the Tool, and supersedes prior or contemporaneous terms. If any provision is unenforceable,
F48: it will be limited or severed to the minimum extent necessary. User may not assign this License without Licensor's consent;
F49: Licensor may assign in connection with a merger, acquisition, or sale of assets. Lecensor may issue updated version of the
F50: Tool subject to updated terms, use of a new version constitutes acceptance of its terms.
D51: 12 | E51: Acceptance
F52: By clicking "I ACCEPT", you agree to this License on behalf of your organization.

Sheet General Instructions
B2: General Instructions
B4: 1 | C4: Complete Design Form with the required design information. Once the Design Form is completed, most of the Design section of the As-built Form will be prepopulated.
B6: =B4+1 -> 2 | C6: Field Types
I7: Enter data as applicable for the proposed design.
I9: This is a required field. Once a number or text is entered, the green highlight will be removed.
I12: This is a required field. Place an "X" in the appropriate box and the green highlight will be removed. In some cases, the selection is optional. Once an option is completed, additional fields may be highlighted green and in some fields the green highlight will be removed.
D17: Yes | G17: No | I17: Select either "Yes" or "No" by placing an "X" in the appropriate box. Once an "X" is entered, the green highlight will be removed.
I20: If a field is highlighted yellow after a number is entered, the yellow highlight may indicate an error and/or concern. Once the error and/or concern is resolved, the yellow highlight will be removed. All yellow highlighted cells shall be resolved or an explanation provided prior to completing the form.
I25: This is a calculated field. Once the required information is entered, the orange highlight will be removed.
C28: Select | I28: Use the drop down list to select an orifice or weir.
C30: Shape | I30: Use the drop down list to select a shape.
C32: Material | I32: Use the drop down list to select a material.
B34: =B6+1 -> 3 | C34: The Supplemental Instructions provide additional guidance and design standards.
B35: =B34+1 -> 4 | C35: Once the Design, As-built, or Inspection Forms are completed, there should be no green, yellow, or orange highlighted fields.
B37: 5 | C37: Automated Review Checks: Once information and data are entered into the form, the form will check the information entered and identify any potential issues or concerns. Prior to printing the form, all automated comments shall be resolved.
B40: 6 | C40: Printing the form may require some adjustments to the print settings for the printer being used.

Sheet Form 2A.1 - Design
W1: Form 2A.1 - Detention Pond Design Form | BO1: =W1 -> Form 2A.1 - Detention Pond Design Form
B6: Development Information | AB6: Parcel No.:
D7: Name: | AD7: Date: | AV7: Supplemental Instructions
D8: Address: | AD8: BMP ID:
AV9: General design standards and requirements shall be as follows:
E10: Attachments: | G10: Design Drawings | N10: H&H Calculations | U10: Drainage Basin Maps | AC10: =" "&Tables!F37 -> Drainage Rights | AV10: 1 | AW10: If a detention pond encroaches on a floodplain, provide documentaiton showing that all floodplain
G12: Excel file with tabular hydrographs in | U12: Drainage basins DGN, DWG, Shapefile or KMZ in WGS84 | AW12: management requirements have been met
G13: 0.05-hour time interval | AV13: =AV10+1 -> 2 | AW13: A detention pond shall not be constructed within the floodway
F14: Select Area Units: | H14: ac | K14: sq-ft | Z14: Total Area: | AE14: =IF($AM$16=0,"Units?",IF($AM$16=1,"ac",IF($AM$16=2,"sq-ft","Error"))) -> Units? | AL14: =IF(AND(ISBLANK(G14),ISBLANK(J14)),1,2) -> 1 | AM14: =IF(ISBLANK(G14),0,1) -> 0 | AO14: EIA = | AP14: =IF($AM$16=2,AA15/43560,AA15) -> 0 | AQ14: ac | AV14: =AV13+1 -> 3 | AW14: Installation of a detention pond shall not adversely impact and/or cause flooding of
B15: Proposed Impervious Area (PIA) | Z15: Existing Impervious Area (EIA): | AE15: =IF($AM$16=0,"Units?",IF($AM$16=1,"ac",IF($AM$16=2,"sq-ft","Error"))) -> Units? | AM15: =IF(ISBLANK(J14),0,2) -> 0 | AO15: PIA = | AP15: =IF($AM$16=2,J21/43560,J21) -> 0 | AQ15: ac | AW15: properties located within, upstream, and/or downstream of the development
I16: Buildings / Structures: | N16: =IF($AM$16=0,"Units?",IF($AM$16=1,"ac",IF($AM$16=2,"sq-ft","Error"))) -> Units? | S16: Additional Impervious Area (AIA) = PIA - EIA | AM16: =SUM(AM14:AM15) -> 0 | AN16: Units Check | AO16: AIA = | AP16: =AP15-AP14 -> 0 | AQ16: ac | AV16: =AV14+1 -> 4 | AW16: The calculation methodology shall utilize the Natural Resources Conservation Service (NRCS) Urban
I17: Driveways / Sidewalks: | N17: =IF($AM$16=0,"Units?",IF($AM$16=1,"ac",IF($AM$16=2,"sq-ft","Error"))) -> Units? | V17: AIA = | W17: =IF(AL17=1,"0.00",IFERROR(IF($J$21-$AA$15<0,0,$J$21-$AA$15),"")) -> 0 | AA17: =IF($AM$16=0,"Units?",IF($AM$16=1,"ac",IF($AM$16=2,"sq-ft","Error"))) -> Units? | AD17: AIA = | AE17: =AP16 -> 0 | AI17: ac | AL17: =IF(AND(J21=0,ISBLANK(AA15)),0,IF(OR(J21-AA15=0,J21-AA15<0),1,2)) -> 0 | AW17: ="Hydrology for Small Watersheds Technical Release 55 (TR-55) or equivalent as approved by the "&Tables!$F$23&" Engineer" -> Hydrology for Small Watersheds Technical Release 55 (TR-55) or equivalent as approved by the County Engineer
I18: Roads: | N18: =IF($AM$16=0,"Units?",IF($AM$16=1,"ac",IF($AM$16=2,"sq-ft","Error"))) -> Units? | S18: Water Quality Volume (WQv): | AV18: =AV16+1 -> 5 | AW18: All applicable developments shall be responsible for ensuring that post-development hydrology mimics
I19: Parking: | N19: =IF($AM$16=0,"Units?",IF($AM$16=1,"ac",IF($AM$16=2,"sq-ft","Error"))) -> Units? | V19: WQv = | W19: ="AIA acres X "&Tables!G15& " in X 3,630" -> AIA acres X 1.00 in X 3,630 | AW19: ="pre-development hydrology for the "&Tables!$F$28&"-year, 24-hour rainfall depths" -> pre-development hydrology for the 2, 5, 10, 25, 50, and 100-year, 24-hour rainfall depths
I20: Other: | N20: =IF($AM$16=0,"Units?",IF($AM$16=1,"ac",IF($AM$16=2,"sq-ft","Error"))) -> Units? | V20: WQv = | W20: =IF(AL17=1,"0.00",IFERROR(IF($J$21-$AA$15<0,0,$AP$16),"")) -> 0 | AA20: ="acres X "&Tables!G15&" in X 3,630" -> acres X 1.00 in X 3,630 | AV20: 6 | AW20: If a proposed development discharges onto an adjacent property, the proposed development shall:
I21: Total PIA: | J21: =IF(SUM($J$16:$J$20)=0,0,SUM($J$16:$J$20)) -> 0 | N21: =IF($AM$16=0,"Units?",IF($AM$16=1,"ac",IF($AM$16=2,"sq-ft","Error"))) -> Units? | V21: WQv = | W21: =IF(AL17=1,"0",IFERROR(ROUND(IF(AP16*Tables!F15*3630<0,0,AP16*Tables!F15*3630),0),"")) -> 0 | AA21: ft3 | AW21: a. | AX21: ="Obtain "&Tables!F37&" for the adjacent property" -> Obtain Drainage Rights for the adjacent property
AW22: b. | AX22: ="If a "&Tables!$F$37&" cannot be obtained, size the detention pond to attenuate the" -> If a Drainage Rights cannot be obtained, size the detention pond to attenuate the
B23: Pre-Development | Y23: Hydrologic Soil Group: | AA23: A | AD23: B | AG23: C | AJ23: D | AL23: =IF(AND(ISBLANK(Z23),ISBLANK(AC23),ISBLANK(AF23),ISBLANK(AI23)),1,2) -> 1 | AM23: =IF(ISBLANK(Z23),IF(ISBLANK(AC23),IF(ISBLANK(AF23),IF(ISBLANK(AI23),0,4),3),2),1) -> 0 | AX23: ="post-development peak discharges for the "&AS123&"-year to be less than the pre-development" -> post-development peak discharges for the 2, 5, 10, 25, 50, and 100-year to be less than the pre-development
L24: =IF(ISBLANK(L25),1,2) -> 1 | P24: =IF(ISBLANK(P25),1,2) -> 1 | T24: =IF(ISBLANK(T25),1,2) -> 1 | X24: =IF(ISBLANK(X25),1,2) -> 1 | AB24: =IF(ISBLANK(AB25),1,2) -> 1
J25: Basin ID: | AG25: Pre Total | AX25: ="peak discharge(s) for the "&AR123&"-year storm event" -> peak discharge(s) for the 2, 5, 10, 25, 50, and 100-year storm event
H26: Drainage Area | I26: =IF($AM$16=0,"Units?",IF($AM$16=1,"(ac):",IF($AM$16=2,"(sq-ft):","Error"))) -> Units? | AW26: c. | AX26: ="If a "&Tables!$F$37&" cannot be obtained and the detention pond will discharge to an area that is currently" -> If a Drainage Rights cannot be obtained and the detention pond will discharge to an area that is currently
J27: Curve Number: | AX27: sheet flow, provide a level spreader to convert the point source discharge to sheet flow.
J28: Time of Concentration (min): | AL28: =SUM(AL29:AL34) -> 0 | AM28: =SUM(AM29:AM34) -> 0 | AN28: Pre Total | AV28: 7 | AW28: A stormwater pathway (i.e. piped storm sewer, overland flow, etc.) within the development shall
D29: Peak Discharge (ft3/s) | F29: =Tables!$F$16 -> 6.02 | J29: =Tables!$D$16 -> (2-yr) | AL29: =IF(AF29=0,0,1) -> 0 | AM29: =IF(ISBLANK(AF29),0,1) -> 0 | AW29: be provided to convey the discharge resulting from a 100-year, 24-hour storm event in a manner that will not
F30: =Tables!$F$17 -> 7.68 | J30: =Tables!$D$17 -> (5-yr) | AL30: =IF(AF30=0,0,1) -> 0 | AM30: =IF(ISBLANK(AF30),0,1) -> 0 | AW30: adversely impact and/or cause flooding of structures within the development
F31: =Tables!$F$18 -> 9.26 | J31: =Tables!$D$18 -> (10-yr) | AL31: =IF(AF31=0,0,1) -> 0 | AM31: =IF(ISBLANK(AF31),0,1) -> 0 | AV31: =AV28+1 -> 8 | AW31: Filtration system for the WQv Orifice shall allow the volume of stormwater associated with the WQv to
F32: =Tables!$F$19 -> 11.7 | J32: =Tables!$D$19 -> (25-yr) | AL32: =IF(AF32=0,0,1) -> 0 | AM32: =IF(ISBLANK(AF32),0,1) -> 0 | AW32: drain slowly from the detention pond within a 48-hour period
F33: =Tables!$F$20 -> 13.9 | J33: =Tables!$D$20 -> (50-yr) | AL33: =IF(AF33=0,0,1) -> 0 | AM33: =IF(ISBLANK(AF33),0,1) -> 0 | AV33: =AV31+1 -> 9 | AW33: The principal outlet control structure for a detention pond shall be sized to convey the 2, 5, 10, 25, and 50-year,
F34: =Tables!$F$21 -> 16.3 | J34: =Tables!$D$21 -> (100-yr) | AL34: =IF(AF34=0,0,1) -> 0 | AM34: =IF(ISBLANK(AF34),0,1) -> 0 | AN34: =SUM(AF29:AH34) -> 0 | AW34: 24-hour storm event without allowing any discharge from the emergency spillway;
AV35: =AV33+1 -> 10 | AW35: A detention pond shall provide for an emergency spillway designed to convey the discharge resulting from
B36: Post-Development | AW36: a 100-year, 24-hour storm event. A minimum, freeboard of 1-foot above the maximum stage anticipated
L37: =IF(ISBLANK(L38),1,2) -> 1 | P37: =IF(ISBLANK(P38),1,2) -> 1 | T37: =IF(ISBLANK(T38),1,2) -> 1 | X37: =IF(ISBLANK(X38),1,2) -> 1 | AB37: =IF(ISBLANK(AB38),1,2) -> 1
J38: Basin ID: | AG38: Post Total | AW38: in the detention pond or above the crest elevation of the emergency spillway
H39: Drainage Area | I39: =IF($AM$16=0,"Units?",IF($AM$16=1,"(ac):",IF($AM$16=2,"(sq-ft):","Error"))) -> Units? | AV39: =AV35+1 -> 11 | AW39: ="The bottom of the detention pond shall have a minimum slope of "&Tables!F38&"%. If a low flow concrete channel is provided in the" -> The bottom of the detention pond shall have a minimum slope of 1%. If a low flow concrete channel is provided in the
J40: Curve Number: | AW40: bottom of the detention pond, the detention pond shall have a minimum slope of 1%.
J41: Time of Concentration (min): | AL41: =SUM(AL42:AL47) -> 0 | AM41: =SUM(AM42:AM47) -> 0 | AN41: Post Total | AV41: =AV39+1 -> 12 | AW41: H&H calculations shall include all the information required to validate information provided on this form (i.e. model
D42: Peak Discharge (ft3/s) | F42: =Tables!$F$16 -> 6.02 | J42: =Tables!$D$16 -> (2-yr) | AL42: =IF(AF42=0,0,1) -> 0 | AM42: =IF(ISBLANK(AF42),0,1) -> 0 | AW42: network, existing drainage areas, proposed drainage areas, time of concentration, curve number, pre-development
F43: =Tables!$F$17 -> 7.68 | J43: =Tables!$D$17 -> (5-yr) | AL43: =IF(AF43=0,0,1) -> 0 | AM43: =IF(ISBLANK(AF43),0,1) -> 0 | AW43: peak discharges, post-development peak discharges, outlet structure geometry, emergency spillway geometry,
F44: =Tables!$F$18 -> 9.26 | J44: =Tables!$D$18 -> (10-yr) | AL44: =IF(AF44=0,0,1) -> 0 | AM44: =IF(ISBLANK(AF44),0,1) -> 0 | AW44: pond stage-area storage summary, pond discharge summary, inflow and outflow hydrographs, and outlet velocities)
F45: =Tables!$F$19 -> 11.7 | J45: =Tables!$D$19 -> (25-yr) | AL45: =IF(AF45=0,0,1) -> 0 | AM45: =IF(ISBLANK(AF45),0,1) -> 0 | AV45: =AV41+1 -> 13 | AW45: Rainfall depths were obtained from NOAA Atlas 14, Volume 9, Version 2
F46: =Tables!$F$20 -> 13.9 | J46: =Tables!$D$20 -> (50-yr) | AL46: =IF(AF46=0,0,1) -> 0 | AM46: =IF(ISBLANK(AF46),0,1) -> 0 | AV46: =AV45+1 -> 14 | AW46: Drainage basin maps shall show:
F47: =Tables!$F$21 -> 16.3 | J47: =Tables!$D$21 -> (100-yr) | AL47: =IF(AF47=0,0,1) -> 0 | AM47: =IF(ISBLANK(AF47),0,1) -> 0 | AW47: a. | AX47: Provide a drainage basin map for existing conditions
AW48: b. | AX48: Provide a drainage basin map for proposed conditions
B49: Additional Basin Information: | AW49: c. | AX49: Property boundary
D51: Yes | G51: No | I51: Additional Pre and/or Post basin information provided on | AL51: =IF(AND(ISBLANK(C51),ISBLANK(F51)),1,2) -> 1 | AW51: d. | AX51: Drainage basins included with the H&H study
I52: Form 2A.3 - Detention Pond Additional Basins? | AW52: g. | AX52: Pathways used for calculating Time of Concentration (Tc)
B53: =Tables!$F$13 -> 46266 | R53: Page 1 of 4 | AW53: h. | AX53: Adjacent properties and site features where stormwater will be discharged from the proposed development
C54: Name: | D54: =IF(ISBLANK($E$7),0,$E$7) -> 0 | AD54: Date: | AE54: =IF(ISBLANK($AE$7),0,$AE$7) -> 0 | AV54: =AV46+1 -> 15 | AW54: Post-development discharges shall be less than pre-development discharges at all discharge locations
B55: Outlet Control Structure (OCS) | AD55: BMP ID: | AE55: =IF(ISBLANK($AE$8),0,$AE$8) -> 0 | AV55: =AV54+1 -> 16 | AW55: Provide the velocity at the end of any velocity dissipation device for the outlet control structure (OCS) and the
D57: Material: | M57: Shape: | AE57: Detail Attached: | AG57: Yes | AJ57: No | AL57: =IF(AND(ISBLANK(AF57),ISBLANK(AI57)),1,2) -> 1 | AM57: =IF(ISBLANK(AI57),1,2) -> 1 | AW57: emergency spillway (ES)
D58: Diameter: | H58: ft | AL58: =IF(ISBLANK(E58),1,2) -> 1 | AV58: =AV55+1 -> 17 | AW58: Outlet protection using Class 2 Riprap shall have a minimum depth of 1.50-feet.
D59: Width: | H59: ft | M59: Length: | Q59: ft | AL59: =IF(AND(ISBLANK(E59),ISBLANK(N59)),1,2) -> 1 | AV59: =AV58+1 -> 18 | AW59: Outlet control structure diagram is provided for information only.
D60: Bottom EL.: | H60: ft | M60: Top EL.: | Q60: ft
D62: Trash Rack: | F62: Yes | J62: No | AL62: =IF(AND(ISBLANK(E62),ISBLANK(I62)),1,2) -> 1 | AM62: =IF(ISBLANK(I62),1,2) -> 1
F64: Shape | J64: Dia./Span/Deg | O64: Rise | T64: Inv. EL | Y64: Length | AD64: Slope
D65: Outlet Pipe: | L65: in | Q65: in | V65: ft | AA65: ft | AF65: % | AL65: =IF(ISBLANK(E65),1,2) -> 1
D67: WQv Orifice: | L67: =IF(E67="V-notch","deg","in") -> in | Q67: in | V67: ft | AE67: WQ Filter: | AG67: Yes | AJ67: No | AL67: =IF(ISBLANK(E67),1,2) -> 1 | AM67: =IF(AND(ISBLANK(AF67),ISBLANK(AI67)),1,2) -> 1 | AN67: =IF(ISBLANK(AI67),1,2) -> 1
F69: Shape | J69: Dia./Span/Deg | O69: Rise | T69: Inv. EL | AE69: Fence: | AG69: Yes | AJ69: No | AL69: =IF(AND(ISBLANK(AF69),ISBLANK(AI69)),1,2) -> 1
B71: Select: | L71: =IF(E71="V-notch","deg","in") -> in | Q71: in | V71: ft | AE71: Access Road: | AG71: Yes | AJ71: No | AL71: =IF(B71="None: ",3,IF(OR(B71="Orifice: ",B71="Weir: "),2,1)) -> 1 | AN71: =IF(AND(ISBLANK(AF71),ISBLANK(AI71)),1,2) -> 1 | AQ71: Class | AR71: Min Depth (ft)
B72: Select: | L72: =IF(E72="V-notch","deg","in") -> in | Q72: in | V72: ft | AL72: =IF(B72="None: ",3,IF(OR(B72="Orifice: ",B72="Weir: "),2,1)) -> 1 | AQ72: 1 | AR72: 1.5
B73: Select: | L73: =IF(E73="V-notch","deg","in") -> in | Q73: in | V73: ft | AL73: =IF(B73="None: ",3,IF(OR(B73="Orifice: ",B73="Weir: "),2,1)) -> 1 | AQ73: 2 | AR73: 1.5
B74: Select: | L74: =IF(E74="V-notch","deg","in") -> in | Q74: in | V74: ft | AL74: =IF(B74="None: ",3,IF(OR(B74="Orifice: ",B74="Weir: "),2,1)) -> 1 | AQ74: 3 | AR74: 2.7
B75: Select: | L75: =IF(E75="V-notch","deg","in") -> in | Q75: in | V75: ft | AL75: =IF(B75="None: ",3,IF(OR(B75="Orifice: ",B75="Weir: "),2,1)) -> 1 | AQ75: 4 | AR75: 3.5
B76: Select: | L76: =IF(E76="V-notch","deg","in") -> in | Q76: in | V76: ft | AL76: =IF(B76="None: ",3,IF(OR(B76="Orifice: ",B76="Weir: "),2,1)) -> 1 | AQ76: 5 | AR76: 4.2
B78: Outlet Protection | AE78: Outlet pipe discharges into a storm sewer pipe, concrete swale or riprap swale? | AG78: Yes | AJ78: No | AL78: =IF(AND(ISBLANK(AF78),ISBLANK(AI78)),1,2) -> 1 | AM78: =IF(ISBLANK(AF78),1,3) -> 1 | AN78: =IF(ISBLANK(AI78),1,2) -> 1 | AQ78: Riprap? | AR78: Class | AS78: Depth
E80: Type: | T80: =IF(AQ80="Yes","Riprap Class: ","") | AE80: Detail Attached: | AG80: Yes | AJ80: No | AL80: =IF(ISBLANK(F80),1,0) -> 1 | AM80: =SUM(AL80,AO80,AL82:AO82) -> 6 | AO80: =IF(AND(ISBLANK(AF80),ISBLANK(AI80)),1,0) -> 1 | AP80: =IF(ISBLANK(AI80),1,2) -> 1 | AQ80: =IF(F80="Riprap apron","Yes","No") -> No | AR80: =U80 -> 0 | AS80: =VLOOKUP(AR80,$AQ$72:$AR$76,2) -> #N/A
E82: Length: | I82: ft | L82: Width: | P82: ft | T82: Depth: | X82: ft | AE82: Geotextile: | AG82: Yes | AJ82: No | AL82: =IF(ISBLANK(F82),1,0) -> 1 | AM82: =IF(ISBLANK(M82),1,0) -> 1 | AN82: =IF(ISBLANK(U82),1,0) -> 1 | AO82: =IF(AND(ISBLANK(AF82),ISBLANK(AI82)),1,0) -> 1 | AP82: =IF(ISBLANK(AI82),1,2) -> 1 | AQ82: =IF(ISBLANK(U82),1,IF(U82<AS80,2,3)) -> 1
B84: Emergency Spillway (ES) | AE84: Detail Attached: | AG84: Yes | AJ84: No | AL84: =IF(AND(ISBLANK(AF84),ISBLANK(AI84)),1,2) -> 1 | AM84: =SUM(AM85:AM87,AO85:AO87) -> 0 | AN84: E. Spillway | AQ84: =IF(ISBLANK(AI84),1,2) -> 1
E85: Material: | N85: Shape: | AL85: Width | AM85: =IF(ISBLANK(F86),0,1) -> 0 | AN85: Material | AO85: =IF(ISBLANK(F85),0,1) -> 0
E86: Width: | I86: ft | N86: Length: | R86: ft | V86: Crest EL.: | Z86: ft | AE86: Pond Top EL.: | AI86: ft | AL86: Length | AM86: =IF(ISBLANK(O86),0,1) -> 0 | AN86: Shape | AO86: =IF(ISBLANK(O85),0,1) -> 0
AL87: Crest | AM87: =IF(ISBLANK(W86),0,1) -> 0 | AN87: Top | AO87: =IF(ISBLANK(AF86),0,1) -> 0
B88: Outfall Location | N88: Latitude: | V88: Longitude: | AL88: Lat & Long | AM88: =AO88+AQ88 -> 0 | AN88: Lat | AO88: =IF(ISBLANK(O88),0,1) -> 0 | AP88: Long | AQ88: =IF(ISBLANK(W88),0,1) -> 0
AN89: Lat Text | AO89: =IF(ISBLANK(O88),1,IF(ISTEXT(O88)=TRUE,3,2)) -> 1 | AP89: Long Text | AQ89: =IF(ISBLANK(W88),1,IF(ISTEXT(W88)=TRUE,3,2)) -> 1
B90: Stage-Area-Storage Summary
D91: Elevation | I91: Area | M91: Cumulative Vol. | T91: Elevation | Y91: Area | AD91: Cumulative Vol.
F92: ft | K92: ft2 | Q92: ft3 | V92: ft | AA92: ft2 | AH92: ft3 | AL92: =IF(ISBLANK(C92),1,2) -> 1 | AM92: =IF(ISBLANK(S92),1,2) -> 1 | AN92: =IF(ISBLANK(H92),1,2) -> 1 | AO92: =IF(ISBLANK(M92),1,2) -> 1
F93: ft | K93: ft2 | Q93: ft3 | V93: ft | AA93: ft2 | AH93: ft3 | AL93: =IF(ISBLANK(C93),1,2) -> 1 | AM93: =IF(ISBLANK(S93),1,2) -> 1
F94: ft | K94: ft2 | Q94: ft3 | V94: ft | AA94: ft2 | AH94: ft3 | AL94: =IF(ISBLANK(C94),1,2) -> 1 | AM94: =IF(ISBLANK(S94),1,2) -> 1
F95: ft | K95: ft2 | Q95: ft3 | V95: ft | AA95: ft2 | AH95: ft3 | AL95: =IF(ISBLANK(C95),1,2) -> 1 | AM95: =IF(ISBLANK(S95),1,2) -> 1
F96: ft | K96: ft2 | Q96: ft3 | V96: ft | AA96: ft2 | AH96: ft3 | AL96: =IF(ISBLANK(C96),1,2) -> 1 | AM96: =IF(ISBLANK(S96),1,2) -> 1
F97: ft | K97: ft2 | Q97: ft3 | V97: ft | AA97: ft2 | AH97: ft3 | AL97: =IF(ISBLANK(C97),1,2) -> 1 | AM97: =IF(ISBLANK(S97),1,2) -> 1
F98: ft | K98: ft2 | Q98: ft3 | V98: ft | AA98: ft2 | AH98: ft3 | AL98: =IF(ISBLANK(C98),1,2) -> 1 | AM98: =IF(ISBLANK(S98),1,2) -> 1
G99: WQv Required: | H99: =$W$21 -> 0 | K99: ft3 | R99: WQv Provided: | V99: ft3 | AC99: WQv Elevation: | AH99: ft | AL99: WQv | AM99: =IF(ISBLANK(S99),"",IF(ISTEXT(S99),2,IF(OR(S99=H99,S99>H99),1,2))) | AN99: =IF(ISTEXT(S99),2,0) -> 0 | AO99: =IF(ISTEXT(AD99),2,0) -> 0 | AP99: =IF(OR(ISBLANK(H99),ISBLANK(S99)),2,1) -> 2
J101: Low flow concrete channel: | L101: Yes | O101: No | AA101: Detention pond bottom slope: | AD101: % | AL101: =IF(AND(ISBLANK(K101),ISBLANK(N101)),1,0) -> 1 | AM101: =IF(ISBLANK(N101),1,IF(AND(N101>0,AB101<2),2,1)) -> 1 | AN101: =IF(ISBLANK(AB101),0,IF(AB101<AQ101,1,"")) -> 0 | AO101: =IF(ISBLANK(K101),1,3) -> 1 | AQ101: =IF(AO101=3,1,Tables!$F$38) -> 1 | AR101: Bottom slope
B103: =Tables!$F$13 -> 46266 | R103: Page 2 of 4
C104: Name: | D104: =IF(ISBLANK($E$7),0,$E$7) -> 0 | AD104: Date: | AE104: =IF(ISBLANK($AE$7),0,$AE$7) -> 0 | AM104: No. Storms | AN104: =Tables!E28 -> 6
AD105: BMP ID: | AE105: =IF(ISBLANK($AE$8),0,$AE$8) -> 0 | AM105: ES | AR105: OCS
B106: Discharge Summary | Y106: OCS | AC106: ES | AL106: Max Stage | AM106: Velocity | AN106: Total Post | AO106: Flooding | AP106: Property | AQ106: Post < 0.5 | AR106: Velocity
I107: Pre Q (ft3/s) | M107: Pond In Q (ft3/s) | Q107: Pond Out Q (ft3/s) | U107: Max Elev. (ft) | Y107: Velocity (ft/s) | AC107: Velocity (ft/s) | AG107: Total Post Q (ft3/s) | AL107: =SUM(AL108:AL112) -> 5 | AM107: =AM113 -> 1 | AN107: =SUM(AN108:AN113) -> 6 | AO107: =SUM(AO108:AO113) -> 0 | AP107: =SUM(AP108:AP113) -> 0 | AQ107: =SUM(AQ108:AQ113) -> 6 | AR107: =SUM(AR108:AR113) -> 6
B108: =Tables!$F$16 -> 6.02 | G108: =Tables!$D$16 -> (2-yr) | AL108: =IF(OR(ISBLANK(U108),ISBLANK(W$86)),1,IF(U108>W$86,1,0)) -> 1 | AN108: =IF(OR(ISBLANK(AG108),ISBLANK(I108)),1,IF(AG108>I108,1,0)) -> 1 | AO108: =IF(OR($AN$126=0,$AN$144=2),0,IF(AG108>$AN$126,1,0)) -> 0 | AP108: =IF(OR($AN$128=0,$AN$144=2),0,IF($AG108>$AN$128,1,0)) -> 0 | AQ108: =IF(OR(ISBLANK(I108),ISBLANK(AG108)),1,IF(ISERROR(AG108-I108>-0.5),0,IF(AG108-I108>-0.5,1,0))) -> 1 | AR108: =IF(ISBLANK(Y108),1,IF(Y108>$AM$114,1,0)) -> 1
B109: =Tables!$F$17 -> 7.68 | G109: =Tables!$D$17 -> (5-yr) | AL109: =IF(OR(ISBLANK(U109),ISBLANK(W$86)),1,IF(U109>W$86,1,0)) -> 1 | AN109: =IF(OR(ISBLANK(AG109),ISBLANK(I109)),1,IF(AG109>I109,1,0)) -> 1 | AO109: =IF(OR($AN$126=0,$AN$144=2),0,IF(AG109>$AN$126,1,0)) -> 0 | AP109: =IF(OR($AN$128=0,$AN$144=2),0,IF($AG109>$AN$128,1,0)) -> 0 | AQ109: =IF(OR(ISBLANK(I109),ISBLANK(AG109)),1,IF(ISERROR(AG109-I109>-0.5),0,IF(AG109-I109>-0.5,1,0))) -> 1 | AR109: =IF(ISBLANK(Y109),1,IF(Y109>$AM$114,1,0)) -> 1
B110: =Tables!$F$18 -> 9.26 | G110: =Tables!$D$18 -> (10-yr) | AL110: =IF(OR(ISBLANK(U110),ISBLANK(W$86)),1,IF(U110>W$86,1,0)) -> 1 | AN110: =IF(OR(ISBLANK(AG110),ISBLANK(I110)),1,IF(AG110>I110,1,0)) -> 1 | AO110: =IF(OR($AN$126=0,$AN$144=2),0,IF(AG110>$AN$126,1,0)) -> 0 | AP110: =IF(OR($AN$128=0,$AN$144=2),0,IF($AG110>$AN$128,1,0)) -> 0 | AQ110: =IF(OR(ISBLANK(I110),ISBLANK(AG110)),1,IF(ISERROR(AG110-I110>-0.5),0,IF(AG110-I110>-0.5,1,0))) -> 1 | AR110: =IF(ISBLANK(Y110),1,IF(Y110>$AM$114,1,0)) -> 1
B111: =Tables!$F$19 -> 11.7 | G111: =Tables!$D$19 -> (25-yr) | AL111: =IF(OR(ISBLANK(U111),ISBLANK(W$86)),1,IF(U111>W$86,1,0)) -> 1 | AN111: =IF(OR(ISBLANK(AG111),ISBLANK(I111)),1,IF(AG111>I111,1,0)) -> 1 | AO111: =IF(OR($AN$126=0,$AN$144=2),0,IF(AG111>$AN$126,1,0)) -> 0 | AP111: =IF(OR($AN$128=0,$AN$144=2),0,IF($AG111>$AN$128,1,0)) -> 0 | AQ111: =IF(OR(ISBLANK(I111),ISBLANK(AG111)),1,IF(ISERROR(AG111-I111>-0.5),0,IF(AG111-I111>-0.5,1,0))) -> 1 | AR111: =IF(ISBLANK(Y111),1,IF(Y111>$AM$114,1,0)) -> 1
B112: =Tables!$F$20 -> 13.9 | G112: =Tables!$D$20 -> (50-yr) | AL112: =IF(OR(ISBLANK(U112),ISBLANK(W$86)),1,IF(U112>W$86,1,0)) -> 1 | AN112: =IF(OR(ISBLANK(AG112),ISBLANK(I112)),1,IF(AG112>I112,1,0)) -> 1 | AO112: =IF(OR($AN$126=0,$AN$144=2),0,IF(AG112>$AN$126,1,0)) -> 0 | AP112: =IF(OR($AN$128=0,$AN$144=2),0,IF($AG112>$AN$128,1,0)) -> 0 | AQ112: =IF(OR(ISBLANK(I112),ISBLANK(AG112)),1,IF(ISERROR(AG112-I112>-0.5),0,IF(AG112-I112>-0.5,1,0))) -> 1 | AR112: =IF(ISBLANK(Y112),1,IF(Y112>$AM$114,1,0)) -> 1
B113: =Tables!$F$21 -> 16.3 | G113: =Tables!$D$21 -> (100-yr) | AL113: =IF(OR(ISBLANK($AF$86),ISBLANK(U113)),0,$AF$86-U113) -> 0 | AM113: =IF(ISBLANK(AC113),1,IF(AC113>$AM$114,1,0)) -> 1 | AN113: =IF(OR(ISBLANK(AG113),ISBLANK(I113)),1,IF(AG113>I113,1,0)) -> 1 | AO113: =IF(OR($AN$126=0,$AN$144=2),0,IF(AG113>$AN$126,1,0)) -> 0 | AP113: =IF(OR($AN$128=0,$AN$144=2),0,IF($AG113>$AN$128,1,0)) -> 0 | AQ113: =IF(OR(ISBLANK(I113),ISBLANK(AG113)),1,IF(ISERROR(AG113-I113>-0.5),0,IF(AG113-I113>-0.5,1,0))) -> 1 | AR113: =IF(ISBLANK(Y113),1,IF(Y113>$AM$114,1,0)) -> 1
Q114: OCS = Outlet Control Structure | AC114: ES = Emergency Spillway | AL114: Max Velocity | AM114: =Tables!F26 -> 6 | AN114: =IF(AND(ISBLANK(AG108),ISBLANK(AG109),ISBLANK(AG110),ISBLANK(AG111),ISBLANK(AG112),ISBLANK(AG113)),0,1) -> 0
B115: Comments:
AM116: Pre Q Lookup Table
AM117: Storm | AN117: Pre Q
AM118: 2 | AN118: =I108 -> 0
...

Sheet Form 3A - As-built
V1: Form 3A - Detention Pond As-Built Certification Form | BL1: Form 3A - Detention Pond As-Built Certification Form
B6: Development Information | AC6: Parcel No.: | AD6: ='Form 2A.1 - Design'!AC6 -> 0 | AM6: =LEN(AD6) -> 1 | AV6: Supplemental Instructions
D7: Name: | E7: ='Form 2A.1 - Design'!E7 -> 0 | AE7: Date:
D8: Address: | E8: ='Form 2A.1 - Design'!$E$8 -> 0 | AE8: BMP ID: | AF8: ='Form 2A.1 - Design'!AE8 -> 0 | AV8: 1 | AW8: The developer / owner shall retain the services of a professional land surveyor to:
B10: Attachments: | H10: As-built Survey | P10: As-built H&H Calculations | AC10: =Tables!F24 -> O&M Plan | AW10: a. | AX10: Perform a field survey of the constructed detention pond; and,
H12: Excel file with tabular hydrographs in 0.05-hour time interval | AC12: Photographs | AW12: b. | AX12: Develop an as-built drawing.
A14: Outlet Control Structure (OCS) | AV14: =AV8+1 -> 2 | AW14: The developer shall retain the services of a professional engineer to:
B15: Design | U15: As-Built | AW15: a. | AX15: Use the as-built survey data to complete Form 3A – Detention Pond As-built Certification Form;
D16: Material: | E16: ='Form 2A.1 - Design'!E57 -> 0 | K16: Shape: | L16: ='Form 2A.1 - Design'!N57 -> 0 | X16: Material: | AG16: Shape: | AW16: b. | AX16: Provide ALL required attachments:
D17: Diameter: | E17: ='Form 2A.1 - Design'!E58 -> 0 | H17: ft | X17: Diameter: | AB17: ft | AM17: =IF(ISBLANK(Y17),1,2) -> 1 | AX17: • | AY17: As-Built Survey Drawing(s)
D18: Width: | E18: ='Form 2A.1 - Design'!E59 -> 0 | H18: ft | K18: Length: | L18: ='Form 2A.1 - Design'!N59 -> 0 | O18: ft | X18: Width: | AB18: ft | AG18: Length: | AK18: ft | AM18: =IF(AND(ISBLANK(Y18),ISBLANK(AH18)),1,2) -> 1 | AX18: • | AY18: H&H Calculations
D19: Bottom EL.: | E19: ='Form 2A.1 - Design'!E60 -> 0 | H19: ft | K19: Top EL.: | L19: ='Form 2A.1 - Design'!N60 -> 0 | O19: ft | X19: Bottom EL.: | AB19: ft | AG19: Top EL.: | AK19: ft | AX19: • | AY19: Photographs
D21: Trash Rack: | E21: ='Form 2A.1 - Design'!E62 -> 0 | F21: Yes | I21: ='Form 2A.1 - Design'!I62 -> 0 | J21: No | X21: Trash Rack: | Z21: Yes | AD21: No | AM21: =IF(AND(ISBLANK(Y21),ISBLANK(AC21)),1,2) -> 1 | AX21: • | AY21: =Tables!F24 -> O&M Plan
F23: Shape | J23: Dia./Span/Deg | N23: Rise | R23: Inv. EL | W23: Shape | AB23: Dia./Span/Deg | AF23: Rise | AJ23: Inv. EL | AV23: =AV14+1 -> 3 | AW23: As-built drawing, at a minimum, shall include the following:
D24: Outlet Pipe: | E24: ='Form 2A.1 - Design'!E65 -> 0 | I24: ='Form 2A.1 - Design'!I65 -> 0 | L24: in | M24: ='Form 2A.1 - Design'!N65 -> 0 | P24: in | Q24: ='Form 2A.1 - Design'!S65 -> 0 | T24: ft | AD24: in | AH24: in | AL24: ft | AM24: =IF(ISBLANK(V24),1,2) -> 1 | AW24: a. | AX24: Site features to include but not limited to roads, rights-of-way, property lines, driveways, buildings, parking
D25: WQv Orifice: | E25: ='Form 2A.1 - Design'!E67 -> 0 | I25: ='Form 2A.1 - Design'!I67 -> 0 | L25: =IF(E25="V-notch","deg","in") -> in | M25: ='Form 2A.1 - Design'!N67 -> 0 | P25: in | Q25: ='Form 2A.1 - Design'!S67 -> 0 | T25: ft | AD25: =IF(V25="V-notch","deg","in") -> in | AH25: in | AL25: ft | AM25: =IF(ISBLANK(V25),1,2) -> 1 | AX25: areas, fences, retaining walls, dumpster pads, etc.
D27: WQ Filter: | E27: ='Form 2A.1 - Design'!AF67 -> 0 | F27: Yes | I27: ='Form 2A.1 - Design'!AI67 -> 0 | J27: No | X27: WQ Filter: | Z27: Yes | AD27: No | AM27: =IF(AND(ISBLANK(Y27),ISBLANK(AC27)),1,2) -> 1 | AN27: =IF(ISBLANK(AC27),1,2) -> 1 | AW27: b. | AX27: Storm sewers showing pipes, inlets, junction boxes, outlets, outlet protection, and invert elevations
B29: ='Form 2A.1 - Design'!B71 -> Select: | E29: ='Form 2A.1 - Design'!E71 -> 0 | I29: ='Form 2A.1 - Design'!I71 -> 0 | L29: =IF(E29="V-notch","deg","in") -> in | M29: ='Form 2A.1 - Design'!N71 -> 0 | P29: in | Q29: ='Form 2A.1 - Design'!S71 -> 0 | T29: ft | AD29: =IF(W29="V-notch","deg","in") -> in | AH29: in | AL29: ft | AM29: =IF(ISBLANK(W29),1,2) -> 1 | AW29: c. | AX29: Location of the detention pond, contours, contour labels, spot elevations, outlet control structure, outlet pipe,
B30: ='Form 2A.1 - Design'!B72 -> Select: | E30: ='Form 2A.1 - Design'!E72 -> 0 | I30: ='Form 2A.1 - Design'!I72 -> 0 | L30: =IF(E30="V-notch","deg","in") -> in | M30: ='Form 2A.1 - Design'!N72 -> 0 | P30: in | Q30: ='Form 2A.1 - Design'!S72 -> 0 | T30: ft | AD30: =IF(W30="V-notch","deg","in") -> in | AH30: in | AL30: ft | AM30: =IF(ISBLANK(W30),1,2) -> 1 | AX30: emergency spillway, and outlet protection
B31: ='Form 2A.1 - Design'!B73 -> Select: | E31: ='Form 2A.1 - Design'!E73 -> 0 | I31: ='Form 2A.1 - Design'!I73 -> 0 | L31: =IF(E31="V-notch","deg","in") -> in | M31: ='Form 2A.1 - Design'!N73 -> 0 | P31: in | Q31: ='Form 2A.1 - Design'!S73 -> 0 | T31: ft | AD31: =IF(W31="V-notch","deg","in") -> in | AH31: in | AL31: ft | AM31: =IF(ISBLANK(W31),1,2) -> 1 | AW31: d. | AX31: Detail of the outlet control structure showing elevations and dimensions of multi-stage riser, orifices, weirs,
B32: ='Form 2A.1 - Design'!B74 -> Select: | E32: ='Form 2A.1 - Design'!E74 -> 0 | I32: ='Form 2A.1 - Design'!I74 -> 0 | L32: =IF(E32="V-notch","deg","in") -> in | M32: ='Form 2A.1 - Design'!N74 -> 0 | P32: in | Q32: ='Form 2A.1 - Design'!S74 -> 0 | T32: ft | AD32: =IF(W32="V-notch","deg","in") -> in | AH32: in | AL32: ft | AM32: =IF(ISBLANK(W32),1,2) -> 1 | AX32: outlet pipe, WQ filter, etc.
B33: ='Form 2A.1 - Design'!B75 -> Select: | E33: ='Form 2A.1 - Design'!E75 -> 0 | I33: ='Form 2A.1 - Design'!I75 -> 0 | L33: =IF(E33="V-notch","deg","in") -> in | M33: ='Form 2A.1 - Design'!N75 -> 0 | P33: in | Q33: ='Form 2A.1 - Design'!S75 -> 0 | T33: ft | AD33: =IF(W33="V-notch","deg","in") -> in | AH33: in | AL33: ft | AM33: =IF(ISBLANK(W33),1,2) -> 1 | AW33: e. | AX33: Detail of emergency spillway showing elevations and dimensions
B34: ='Form 2A.1 - Design'!B76 -> Select: | E34: ='Form 2A.1 - Design'!E76 -> 0 | I34: ='Form 2A.1 - Design'!I76 -> 0 | L34: =IF(E34="V-notch","deg","in") -> in | M34: ='Form 2A.1 - Design'!N76 -> 0 | P34: in | Q34: ='Form 2A.1 - Design'!S76 -> 0 | T34: ft | AD34: =IF(W34="V-notch","deg","in") -> in | AH34: in | AL34: ft | AM34: =IF(ISBLANK(W34),1,2) -> 1 | AW34: f. | AX34: The as-built drawing shall bear the date, seal, and signature of the professional land surveyor.
AV35: =AV23+1 -> 4 | AW35: Photographs, at a minimum, shall include the following:
AW36: a. | AX36: Caption identifying the date, location, and description of the photograph
A37: Outlet Protection
B38: Design | G38: Type: | H38: ='Form 2A.1 - Design'!F80 -> 0 | U38: As-Built | Z38: Type: | AM38: =IF(ISBLANK(AA38),1,0) -> 1
D39: Length: | E39: ='Form 2A.1 - Design'!F82 -> 0 | H39: ft | L39: Width: | M39: ='Form 2A.1 - Design'!M82 -> 0 | P39: ft | W39: Length: | AA39: ft | AE39: Width: | AI39: ft | AM39: =IF(ISBLANK(X39),1,0) -> 1 | AN39: =IF(ISBLANK(AF39),1,0) -> 1
D41: Depth: | E41: ='Form 2A.1 - Design'!U82 -> 0 | G41: ft | L41: Geotextile: | M41: ='Form 2A.1 - Design'!AF82 -> 0 | N41: Yes | P41: ='Form 2A.1 - Design'!AI82 -> 0 | Q41: No | W41: Depth: | Z41: ft | AE41: Geotextile: | AG41: Yes | AJ41: No | AM41: =IF(ISBLANK(X41),1,0) -> 1 | AN41: =IF(AND(ISBLANK(AF41),ISBLANK(AI41)),1,0) -> 1 | AO41: =IF(ISBLANK(AI41),1,2) -> 1
A43: Emergency Spillway (ES) | AW43: b. | AX43: General overview of the detention pond
B44: Design | U44: As-Built | AM44: =SUM(AM45:AM47,AO45:AO47) -> 0 | AN44: E. Spillway | AW44: c. | AX44: Outlet control structure showing multi-stage riser, orifices, weirs, outlet pipe, and WQ filter
D45: Material: | E45: ='Form 2A.1 - Design'!F85 -> 0 | N45: Shape: | O45: ='Form 2A.1 - Design'!O85 -> 0 | X45: Material: | AG45: Shape: | AM45: =IF(ISBLANK(Y45),0,1) -> 0 | AN45: Material | AO45: =IF(ISBLANK(AH45),0,1) -> 0 | AP45: Shape | AW45: d. | AX45: Outlet pipe discharge location and outlet protection
D46: Width: | E46: ='Form 2A.1 - Design'!F86 -> 0 | H46: ft | N46: Length: | O46: ='Form 2A.1 - Design'!O86 -> 0 | R46: ft | X46: Width: | AB46: ft | AG46: Length: | AK46: ft | AM46: =IF(ISBLANK(Y46),0,1) -> 0 | AN46: Width | AO46: =IF(ISBLANK(AH46),0,1) -> 0 | AP46: Length | AW46: e. | AX46: Emergency spillway and discharge location
D47: Crest EL: | E47: ='Form 2A.1 - Design'!W86 -> 0 | H47: ft | N47: Pond Top EL: | O47: ='Form 2A.1 - Design'!AF86 -> 0 | R47: ft | X47: Crest EL: | AB47: ft | AG47: Pond Top EL: | AK47: ft | AM47: =IF(ISBLANK(Y47),0,1) -> 0 | AN47: Crest | AO47: =IF(ISBLANK(AH47),0,1) -> 0 | AP47: Top | AW47: f. | AX47: Pipes that discharge into the detention pond
AW48: g. | AX48: Location where detention pond discharges into receiving stream, culvert, or channel
A49: Outfall Location | AV49: =AV35+1 -> 5 | AW49: ="Form 3A – Detention Pond As-built Certification Form shall be approved by the "&Tables!F23&" prior to:" -> Form 3A – Detention Pond As-built Certification Form shall be approved by the County prior to:
B50: Design | I50: Latitude: | J50: ='Form 2A.1 - Design'!O88 -> 0 | U50: As-Built | AC50: Latitude: | AM50: =IF(ISBLANK(AD50),0,1) -> 0 | AN50: Lat | AO50: =SUM(AM50:AM51) -> 0 | AP50: Lat & Long | AQ50: Lat Text | AR50: =IF(ISBLANK(AD50),1,IF(ISTEXT(AD50)=TRUE,3,2)) -> 1 | AW50: a. | AX50: The issuance of a Certificate of Occupancy; and/or,
I51: Longitude: | AC51: Longitude: | AM51: =IF(ISBLANK(AD51),0,1) -> 0 | AN51: Long | AQ51: Long Text | AR51: =IF(ISBLANK(AD51),1,IF(ISTEXT(AD51)=TRUE,3,2)) -> 1 | AW51: b. | AX51: Prior to approval of the Final Plat.
B54: =Tables!$F$13 -> 46266 | R54: Page 1 of 4
C55: Name: | D55: =IF(ISBLANK($E$7),"",$E$7) -> 0 | AF55: Date: | AG55: =IF(ISBLANK($AF$7),0,$AF$7) -> 0
AF56: BMP ID: | AG56: =IF(ISBLANK($AF$8),"",$AF$8) -> 0
A58: Water Quality Volume (WQv)
B59: Design | J59: WQv Required: | K59: ='Form 2A.1 - Design'!H99 -> 0 | N59: ft3 | P59: EL: | Q59: ='Form 2A.1 - Design'!AD99 -> 0 | U59: As-Built | AB59: WQv Provided: | AF59: ft3 | AH59: EL: | AM59: =IF(ISBLANK(AC59),"",IF(OR(AC59=K59,AC59>K59),1,2)) | AN59: WQv | AO59: =IF(OR(K59=0,ISBLANK(AC59)),2,1) -> 2
A61: Stage-Area-Storage Summary
B62: Design | U62: As-Built | AM62: =IF(ISBLANK(AI78),0,IF(AI78<Tables!F38,1,"")) -> 0
C63: Elevation | H63: Area | N63: Cumulative Vol. | X63: Elevation | AC63: Area | AH63: Cumulative Vol.
C64: ='Form 2A.1 - Design'!C92 -> 0 | F64: ft | H64: ='Form 2A.1 - Design'!H92 -> 0 | L64: ft2 | N64: ='Form 2A.1 - Design'!M92 -> 0 | R64: ft3 | Z64: ft | AF64: ft2 | AL64: ft3 | AM64: =IF(ISBLANK(AB64),0,1) -> 0 | AN64: =IF(ISBLANK(AH64),0,1) -> 0 | AO64: =IF(ISBLANK(W64),1,2) -> 1
C65: ='Form 2A.1 - Design'!C93 -> 0 | F65: ft | H65: ='Form 2A.1 - Design'!H93 -> 0 | L65: ft2 | N65: ='Form 2A.1 - Design'!M93 -> 0 | R65: ft3 | Z65: ft | AF65: ft2 | AL65: ft3 | AO65: =IF(ISBLANK(W65),1,2) -> 1
C66: ='Form 2A.1 - Design'!C94 -> 0 | F66: ft | H66: ='Form 2A.1 - Design'!H94 -> 0 | L66: ft2 | N66: ='Form 2A.1 - Design'!M94 -> 0 | R66: ft3 | Z66: ft | AF66: ft2 | AL66: ft3 | AO66: =IF(ISBLANK(W66),1,2) -> 1
C67: ='Form 2A.1 - Design'!C95 -> 0 | F67: ft | H67: ='Form 2A.1 - Design'!H95 -> 0 | L67: ft2 | N67: ='Form 2A.1 - Design'!M95 -> 0 | R67: ft3 | Z67: ft | AF67: ft2 | AL67: ft3 | AO67: =IF(ISBLANK(W67),1,2) -> 1
C68: ='Form 2A.1 - Design'!C96 -> 0 | F68: ft | H68: ='Form 2A.1 - Design'!H96 -> 0 | L68: ft2 | N68: ='Form 2A.1 - Design'!M96 -> 0 | R68: ft3 | Z68: ft | AF68: ft2 | AL68: ft3 | AO68: =IF(ISBLANK(W68),1,2) -> 1
C69: ='Form 2A.1 - Design'!C97 -> 0 | F69: ft | H69: ='Form 2A.1 - Design'!H97 -> 0 | L69: ft2 | N69: ='Form 2A.1 - Design'!M97 -> 0 | R69: ft3 | Z69: ft | AF69: ft2 | AL69: ft3 | AO69: =IF(ISBLANK(W69),1,2) -> 1
C70: ='Form 2A.1 - Design'!C98 -> 0 | F70: ft | H70: ='Form 2A.1 - Design'!H98 -> 0 | L70: ft2 | N70: ='Form 2A.1 - Design'!M98 -> 0 | R70: ft3 | Z70: ft | AF70: ft2 | AL70: ft3 | AO70: =IF(ISBLANK(W70),1,2) -> 1
C71: ='Form 2A.1 - Design'!S92 -> 0 | F71: ft | H71: ='Form 2A.1 - Design'!X92 -> 0 | L71: ft2 | N71: ='Form 2A.1 - Design'!AD92 -> 0 | R71: ft3 | Z71: ft | AF71: ft2 | AL71: ft3 | AO71: =IF(ISBLANK(W71),1,2) -> 1
C72: ='Form 2A.1 - Design'!S93 -> 0 | F72: ft | H72: ='Form 2A.1 - Design'!X93 -> 0 | L72: ft2 | N72: ='Form 2A.1 - Design'!AD93 -> 0 | R72: ft3 | Z72: ft | AF72: ft2 | AL72: ft3 | AO72: =IF(ISBLANK(W72),1,2) -> 1
C73: ='Form 2A.1 - Design'!S94 -> 0 | F73: ft | H73: ='Form 2A.1 - Design'!X94 -> 0 | L73: ft2 | N73: ='Form 2A.1 - Design'!AD94 -> 0 | R73: ft3 | Z73: ft | AF73: ft2 | AL73: ft3 | AO73: =IF(ISBLANK(W73),1,2) -> 1
C74: ='Form 2A.1 - Design'!S95 -> 0 | F74: ft | H74: ='Form 2A.1 - Design'!X95 -> 0 | L74: ft2 | N74: ='Form 2A.1 - Design'!AD95 -> 0 | R74: ft3 | Z74: ft | AF74: ft2 | AL74: ft3 | AO74: =IF(ISBLANK(W74),1,2) -> 1
C75: ='Form 2A.1 - Design'!S96 -> 0 | F75: ft | H75: ='Form 2A.1 - Design'!X96 -> 0 | L75: ft2 | N75: ='Form 2A.1 - Design'!AD96 -> 0 | R75: ft3 | Z75: ft | AF75: ft2 | AL75: ft3 | AO75: =IF(ISBLANK(W75),1,2) -> 1
C76: ='Form 2A.1 - Design'!S97 -> 0 | F76: ft | H76: ='Form 2A.1 - Design'!X97 -> 0 | L76: ft2 | N76: ='Form 2A.1 - Design'!AD97 -> 0 | R76: ft3 | Z76: ft | AF76: ft2 | AL76: ft3 | AO76: =IF(ISBLANK(W76),1,2) -> 1
C77: ='Form 2A.1 - Design'!S98 -> 0 | F77: ft | H77: ='Form 2A.1 - Design'!X98 -> 0 | L77: ft2 | N77: ='Form 2A.1 - Design'!AD98 -> 0 | R77: ft3 | Z77: ft | AF77: ft2 | AL77: ft3 | AO77: =IF(ISBLANK(W77),1,2) -> 1
N78: Detention pond bottom slope: | Q78: % | AH78: Detention pond bottom slope: | AK78: % | AM78: =IF(ISBLANK(AI78),0,IF(AI78<AS80,1,"")) -> 0
L80: Low flow concrete channel: | M80: ='Form 2A.1 - Design'!K101 -> 0 | N80: Yes | P80: ='Form 2A.1 - Design'!N101 -> 0 | Q80: No | AE80: Low flow concrete channel: | AG80: Yes | AJ80: No | AM80: =IF(AND(ISBLANK(AF80),ISBLANK(AI80)),1,0) -> 1 | AN80: =IF(ISBLANK(AI80),1,IF(AND(AI80>0,AI78<2),2,1)) -> 1 | AO80: =IF(ISBLANK(AI80),1,IF(AND(P80>0,AI78<2),2,1)) -> 1 | AQ80: =IF(ISBLANK(AI78),0,IF(AI78<AS80,1,"")) -> 0 | AR80: =IF(ISBLANK(AF80),1,3) -> 1 | AS80: =IF(AR80=3,1,Tables!$F$38) -> 1 | AT80: Bottom slope
A82: Discharge Summary | AP82: =Tables!F26 -> 6 | AQ82: Max Velocity
B83: Design | I83: Pre Q (ft3/s) | M83: Pond In Q (ft3/s) | Q83: Pond Out Q (ft3/s) | U83: Max Elev. (ft) | Y83: OCS Velocity (ft/s) | AD83: ES Velocity (ft/s) | AH83: Total Post Q (ft3/s) | AM83: Total | AN83: Flooding | AO83: Property
C84: =Tables!$F$16 -> 6.02 | G84: =Tables!$D$16 -> (2-yr) | I84: ='Form 2A.1 - Design'!I108 -> 0 | M84: ='Form 2A.1 - Design'!M108 -> 0 | Q84: ='Form 2A.1 - Design'!Q108 -> 0 | U84: ='Form 2A.1 - Design'!U108 -> 0 | Y84: ='Form 2A.1 - Design'!Y108 -> 0 | AH84: ='Form 2A.1 - Design'!AG108 -> 0 | AM84: =IF(AH84>I84,1,0) -> 0 | AN84: =IF(OR($AR$85=0,$AR$87=2),0,IF(AH84>$AR$85,1,0)) -> 0 | AO84: =IF(OR($AR$86=0,$AR$87=2),0,IF($AH84>$AR$86,1,0)) -> 0 | AQ84: Req? | AR84: Pre Q
C85: =Tables!$F$17 -> 7.68 | G85: =Tables!$D$17 -> (5-yr) | I85: ='Form 2A.1 - Design'!I109 -> 0 | M85: ='Form 2A.1 - Design'!M109 -> 0 | Q85: ='Form 2A.1 - Design'!Q109 -> 0 | U85: ='Form 2A.1 - Design'!U109 -> 0 | Y85: ='Form 2A.1 - Design'!Y109 -> 0 | AH85: ='Form 2A.1 - Design'!AG109 -> 0 | AM85: =IF(AH85>I85,1,0) -> 0 | AN85: =IF(OR($AR$85=0,$AR$87=2),0,IF(AH85>$AR$85,1,0)) -> 0 | AO85: =IF(OR($AR$86=0,$AR$87=2),0,IF($AH85>$AR$86,1,0)) -> 0 | AP85: =IF(AQ85="Yes",'Form 2A.1 - Design'!AM126,1) -> 1 | AQ85: ='Form 2A.1 - Design'!AO126 -> No | AR85: ='Form 2A.1 - Design'!AN126 -> 0 | AS85: Flooding
C86: =Tables!$F$18 -> 9.26 | G86: =Tables!$D$18 -> (10-yr) | I86: ='Form 2A.1 - Design'!I110 -> 0 | M86: ='Form 2A.1 - Design'!M110 -> 0 | Q86: ='Form 2A.1 - Design'!Q110 -> 0 | U86: ='Form 2A.1 - Design'!U110 -> 0 | Y86: ='Form 2A.1 - Design'!Y110 -> 0 | AH86: ='Form 2A.1 - Design'!AG110 -> 0 | AM86: =IF(AH86>I86,1,0) -> 0 | AN86: =IF(OR($AR$85=0,$AR$87=2),0,IF(AH86>$AR$85,1,0)) -> 0 | AO86: =IF(OR($AR$86=0,$AR$87=2),0,IF($AH86>$AR$86,1,0)) -> 0 | AP86: =IF(AQ86="Yes",'Form 2A.1 - Design'!AM128,1) -> 1 | AQ86: ='Form 2A.1 - Design'!AO128 -> No | AR86: ='Form 2A.1 - Design'!AN128 -> 0 | AS86: Adj. Property
C87: =Tables!$F$19 -> 11.7 | G87: =Tables!$D$19 -> (25-yr) | I87: ='Form 2A.1 - Design'!I111 -> 0 | M87: ='Form 2A.1 - Design'!M111 -> 0 | Q87: ='Form 2A.1 - Design'!Q111 -> 0 | U87: ='Form 2A.1 - Design'!U111 -> 0 | Y87: ='Form 2A.1 - Design'!Y111 -> 0 | AH87: ='Form 2A.1 - Design'!AG111 -> 0 | AM87: =IF(AH87>I87,1,0) -> 0 | AN87: =IF(OR($AR$85=0,$AR$87=2),0,IF(AH87>$AR$85,1,0)) -> 0 | AO87: =IF(OR($AR$86=0,$AR$87=2),0,IF($AH87>$AR$86,1,0)) -> 0 | AR87: ='Form 2A.1 - Design'!AN144 -> 1 | AS87: Spillage agreement
C88: =Tables!$F$20 -> 13.9 | G88: =Tables!$D$20 -> (50-yr) | I88: ='Form 2A.1 - Design'!I112 -> 0 | M88: ='Form 2A.1 - Design'!M112 -> 0 | Q88: ='Form 2A.1 - Design'!Q112 -> 0 | U88: ='Form 2A.1 - Design'!U112 -> 0 | Y88: ='Form 2A.1 - Design'!Y112 -> 0 | AH88: ='Form 2A.1 - Design'!AG112 -> 0 | AM88: =IF(AH88>I88,1,0) -> 0 | AN88: =IF(OR($AR$85=0,$AR$87=2),0,IF(AH88>$AR$85,1,0)) -> 0 | AO88: =IF(OR($AR$86=0,$AR$87=2),0,IF($AH88>$AR$86,1,0)) -> 0
C89: =Tables!$F$21 -> 16.3 | G89: =Tables!$D$21 -> (100-yr) | I89: ='Form 2A.1 - Design'!I113 -> 0 | M89: ='Form 2A.1 - Design'!M113 -> 0 | Q89: ='Form 2A.1 - Design'!Q113 -> 0 | U89: ='Form 2A.1 - Design'!U113 -> 0 | Y89: ='Form 2A.1 - Design'!Y113 -> 0 | AD89: ='Form 2A.1 - Design'!AC113 -> 0 | AH89: ='Form 2A.1 - Design'!AG113 -> 0 | AM89: =IF(AH89>I89,1,0) -> 0 | AN89: =IF(OR($AR$85=0,$AR$87=2),0,IF(AH89>$AR$85,1,0)) -> 0 | AO89: =IF(OR($AR$86=0,$AR$87=2),0,IF($AH89>$AR$86,1,0)) -> 0
B91: As-Built | I91: Pre Q (ft3/s) | M91: Pond In Q (ft3/s) | Q91: Pond Out Q (ft3/s) | U91: Max Elev. (ft) | Y91: OCS Velocity (ft/s) | AD91: ES Velocity (ft/s) | AH91: Total Post Q (ft3/s) | AM91: =SUM(AM92:AM97) -> 6 | AN91: =SUM(AN92:AN97) -> 6 | AO91: =SUM(AO92:AO96) -> 5 | AP91: =AP97 -> 1 | AQ91: =SUM(AQ92:AQ97) -> 0 | AR91: =SUM(AR92:AR97) -> 0 | AS91: =SUM(AS92:AS97) -> 6 | AT91: =SUM(AT92:AT97) -> 6
C92: =Tables!$F$16 -> 6.02 | G92: =Tables!$D$16 -> (2-yr) | AM92: =IF(ISBLANK(I92),1,IF(I92=I84,0,1)) -> 1 | AN92: =IF(ISBLANK(M92),1,IF(M92=M84,0,1)) -> 1 | AO92: =IF(ISBLANK(U92),1,IF(U92>Y$47,1,0)) -> 1 | AQ92: =IF(OR($AR$85=0,$AR$87=2),0,IF($AH92>$AR$85,1,0)) -> 0 | AR92: =IF(OR($AR$86=0,$AR$87=2),0,IF($AH92>$AR$86,1,0)) -> 0 | AS92: =IF(ISBLANK(AH92),1,IF(AH92>I92,1,0)) -> 1 | AT92: =IF(ISBLANK(Y92),1,IF(Y92>$AP$82,1,0)) -> 1
C93: =Tables!$F$17 -> 7.68 | G93: =Tables!$D$17 -> (5-yr) | AM93: =IF(ISBLANK(I93),1,IF(I93=I85,0,1)) -> 1 | AN93: =IF(ISBLANK(M93),1,IF(M93=M85,0,1)) -> 1 | AO93: =IF(ISBLANK(U93),1,IF(U93>Y$47,1,0)) -> 1 | AQ93: =IF(OR($AR$85=0,$AR$87=2),0,IF($AH93>$AR$85,1,0)) -> 0 | AR93: =IF(OR($AR$86=0,$AR$87=2),0,IF($AH93>$AR$86,1,0)) -> 0 | AS93: =IF(ISBLANK(AH93),1,IF(AH93>I93,1,0)) -> 1 | AT93: =IF(ISBLANK(Y93),1,IF(Y93>$AP$82,1,0)) -> 1
C94: =Tables!$F$18 -> 9.26 | G94: =Tables!$D$18 -> (10-yr) | AM94: =IF(ISBLANK(I94),1,IF(I94=I86,0,1)) -> 1 | AN94: =IF(ISBLANK(M94),1,IF(M94=M86,0,1)) -> 1 | AO94: =IF(ISBLANK(U94),1,IF(U94>Y$47,1,0)) -> 1 | AQ94: =IF(OR($AR$85=0,$AR$87=2),0,IF($AH94>$AR$85,1,0)) -> 0 | AR94: =IF(OR($AR$86=0,$AR$87=2),0,IF($AH94>$AR$86,1,0)) -> 0 | AS94: =IF(ISBLANK(AH94),1,IF(AH94>I94,1,0)) -> 1 | AT94: =IF(ISBLANK(Y94),1,IF(Y94>$AP$82,1,0)) -> 1
C95: =Tables!$F$19 -> 11.7 | G95: =Tables!$D$19 -> (25-yr) | AM95: =IF(ISBLANK(I95),1,IF(I95=I87,0,1)) -> 1 | AN95: =IF(ISBLANK(M95),1,IF(M95=M87,0,1)) -> 1 | AO95: =IF(ISBLANK(U95),1,IF(U95>Y$47,1,0)) -> 1 | AQ95: =IF(OR($AR$85=0,$AR$87=2),0,IF($AH95>$AR$85,1,0)) -> 0 | AR95: =IF(OR($AR$86=0,$AR$87=2),0,IF($AH95>$AR$86,1,0)) -> 0 | AS95: =IF(ISBLANK(AH95),1,IF(AH95>I95,1,0)) -> 1 | AT95: =IF(ISBLANK(Y95),1,IF(Y95>$AP$82,1,0)) -> 1
C96: =Tables!$F$20 -> 13.9 | G96: =Tables!$D$20 -> (50-yr) | AM96: =IF(ISBLANK(I96),1,IF(I96=I88,0,1)) -> 1 | AN96: =IF(ISBLANK(M96),1,IF(M96=M88,0,1)) -> 1 | AO96: =IF(ISBLANK(U96),1,IF(U96>Y$47,1,0)) -> 1 | AQ96: =IF(OR($AR$85=0,$AR$87=2),0,IF($AH96>$AR$85,1,0)) -> 0 | AR96: =IF(OR($AR$86=0,$AR$87=2),0,IF($AH96>$AR$86,1,0)) -> 0 | AS96: =IF(ISBLANK(AH96),1,IF(AH96>I96,1,0)) -> 1 | AT96: =IF(ISBLANK(Y96),1,IF(Y96>$AP$82,1,0)) -> 1
C97: =Tables!$F$21 -> 16.3 | G97: =Tables!$D$21 -> (100-yr) | AM97: =IF(ISBLANK(I97),1,IF(I97=I89,0,1)) -> 1 | AN97: =IF(ISBLANK(M97),1,IF(M97=M89,0,1)) -> 1 | AO97: =IF(OR(ISBLANK(U97),ISBLANK($AH$47)),0,$AH$47-U97) -> 0 | AP97: =IF(ISBLANK(AD97),1,IF(AD97>$AP$82,1,0)) -> 1 | AQ97: =IF(OR($AR$85=0,$AR$87=2),0,IF($AH97>$AR$85,1,0)) -> 0 | AR97: =IF(OR($AR$86=0,$AR$87=2),0,IF($AH97>$AR$86,1,0)) -> 0 | AS97: =IF(ISBLANK(AH97),1,IF(AH97>I97,1,0)) -> 1 | AT97: =IF(ISBLANK(Y97),1,IF(Y97>$AP$82,1,0)) -> 1
AM98: Pre Q | AN98: Pond In Q | AO98: Max Stage | AP98: Velocity | AQ98: Flooding | AR98: Property | AS98: Total Post | AT98: Velocity
AP99: ES | AT99: OCS
B100: =Tables!$F$13 -> 46266 | R100: Page 2 of 4
C101: Name: | D101: =IF(ISBLANK($E$7),"",$E$7) -> 0 | AF101: Date: | AG101: =IF(ISBLANK($AF$7),0,$AF$7) -> 0
AF102: BMP ID: | AG102: =IF(ISBLANK($AF$8),"",$AF$8) -> 0
B103: Comments:
B115: Owner's Information
E116: Company:
E117: Address:
E118: City: | Y118: State: | AG118: Zip Code:
E119: Contact Name: | Y119: Title:
E120: Email: | AF120: Phone:
B122: Home Owners Association (HOA) Information | AA122: Not Applicable | AM122: =IF(AND(ISBLANK(F123),ISBLANK(F124),ISBLANK(F125),ISBLANK(Z125),ISBLANK(AH125)),1,2) -> 1 | AN122: =IF(ISBLANK(Z122),1,2) -> 1
E123: HOA Name:
E124: Address:
E125: City: | Y125: State: | AG125: Zip Code:
E126: Contact Name: | Y126: Title:
E127: Email: | AF127: Phone:
B129: Photographs
D130: Yes | F130: No | W130: No. Taken | AB130: Date | AM130: =SUM(AM134,AM136,AM138,AM140,AM142,AM144,AM146) -> 7 | AP130: =SUM(AP134,AP136,AP138,AP140,AP142,AP144,AP146) -> 0
H132: Caption, date, and/or description on all photographs? | AM132: =IF(AND(ISBLANK(D132),ISBLANK(F132)),1,2) -> 1 | AN132: =IF(ISBLANK(F132),1,2) -> 1 | AO132: =IF(ISBLANK(D132),1,2) -> 1 | AP132: =IF(ISBLANK(F132),0,1) -> 0
H134: General overview | AM134: =IF(AND(ISBLANK(D134),ISBLANK(F134)),1,2) -> 1 | AN134: =IF(ISBLANK(F134),1,2) -> 1 | AO134: =IF(ISBLANK(D134),1,2) -> 1 | AP134: =IF(ISBLANK(F134),0,1) -> 0
H136: Outlet control structure & WQv filter | AM136: =IF(AND(ISBLANK(D136),ISBLANK(F136)),1,2) -> 1 | AN136: =IF(ISBLANK(F136),1,2) -> 1 | AO136: =IF(ISBLANK(D136),1,2) -> 1 | AP136: =IF(ISBLANK(F136),0,1) -> 0
...
